 Dungeon Crawl Stone Soup version 0.20.1-1-g8b1a95d (webtiles) character file.

551 tidbits the Insei (level 6, -5/46 HPs)
             Began as a Demigod Transmuter on Aug 19, 2017.
             Slain by Duvessa
             ... wielding a +0 short sword
              (10 damage)
             ... on level 4 of the Dungeon.
             The game lasted 00:19:42 (1696 turns).

tidbits the Insei (Demigod Transmuter)              Turns: 1696, Time: 00:19:43

Health: -5/46      AC:  2    Str: 13    XL:     6   Next: 80%
Magic:  7/11       EV: 19    Int: 21    God:
Gold:   184        SH:  0    Dex: 21    Spells: 3/9 levels left

rFire    . . .     SeeInvis .     - Unarmed
rCold    + . .     Gourm    .   (shield currently unavailable)
rNeg     . . .     Faith    .   (armour currently unavailable)
rPois    x         Spirit   .   (helmet currently unavailable)
rElec    .         Reflect  .   (cloak currently unavailable)
rCorr    .         Harm     .   (gloves currently unavailable)
MR       .....                  (boots currently unavailable)
Stlth    ++........             (no amulet)
Regen    0.2/turn               t - ring of protection from cold
MPRegen  0.2/turn               (no ring)

@: spider-form
A: high mp 1
a: End Transformation


You were on level 4 of the Dungeon.
You were not hungry.
You were a venomous arachnid creature.
You visited 1 branch of the dungeon, and saw 5 of its levels.

You collected 184 gold pieces.

Inventory:

Missiles
 a - 37 arrows
Armour
 b - a +0 robe (melded)
 h - a +0 pair of gloves (melded)
 E - a +1 helmet
Jewellery
 t - a ring of protection from cold (left front leg)
   (You found it on level 2 of the Dungeon)
Scrolls
 i - a scroll of enchant armour
 l - a scroll of amnesia {unknown}
 n - 2 scrolls of recharging {unknown}
 o - a scroll of enchant weapon {unknown}
 u - a scroll of remove curse {unknown}
Potions
 e - a potion of heal wounds {unknown}
 g - 2 potions of brilliance
 p - a potion of might {unknown}
 r - 2 potions of berserk rage {unknown}
 s - a potion of agility {unknown}
Books
 c - a book of Changes

   Spells                             Type                      Level
   a - Beastly Appendage              Transmutation                1
   b - Sticks to Snakes               Transmutation                2
   c - Spider Form                    Transmutation/Poison         3
   d - Ice Form                       Ice/Transmutation            4
   e - Blade Hands                    Transmutation                5
Comestibles
 d - 2 bread rations
 f - 2 meat rations
 j - 4 royal jellies
 k - 2 chunks of flesh


   Skills:
 - Level 0.8 Fighting
 - Level 1.7 Dodging
 + Level 6.2 Unarmed Combat
 - Level 2.0 Spellcasting
 - Level 4.1 Transmutations


You had 3 spell levels left.
You knew the following spells:

 Your Spells              Type           Power        Failure   Level  Hunger
e - Beastly Appendage     Tmut           ###...       10%         1    #......
k - Sticks to Snakes      Tmut           ###.....     13%         2    ##.....
p - Spider Form           Tmut/Pois      ##........   38%         3    ###....


Dungeon Overview and Level Annotations

Branches:
Dungeon (5/15)
 Temple: D:4-7

Shops:
D:4 *

Annotations:
D:4 Dowan, Duvessa


Innate Abilities, Weirdness & Mutations

You have an increased reservoir of magic. (+10% MP)
((You have a pair of small antennae on your head.))
((You are partially covered in icy blue scales. (AC +2)))
((You are partially covered in iridescent scales. (AC +2)))
((Your movements are slightly less encumbered by armour. (ER -2)))


Message History

The orc hits your ball python with a hand axe.
Your ball python barely misses the orc. x2
You hit the orc.
The orc is poisoned.
The orc is moderately wounded.
Your transformation is almost over.
Your ball python bites the orc.
Your ball python grabs the orc.
Your ball python constricts the orc.
The orc hits your ball python with a hand axe.
Your ball python dies!
The orc misses you.
The orc shouts!
Casting: Spider Form
Confirm with . or Enter, or press ? or * to list all spells.
You create 2 snakes!
You now have 38 arrows.
You kill the orc!
The orc misses you.
You bite the orc!
You kill the orc!
Things that are here:
a dagger; a robe You see here a hand axe.
You see here a hand axe.
Items here: )) [ † a club; a dagger; a robe; an orc corpse You butcher the orc corpse.
Your transformation has ended.
Your +0 pair of gloves unmelds from your body.
Your +0 robe unmelds from your body.
k - 2 chunks of flesh
Items here: )) [ ÷ a club; a dagger; a robe; an orc skeleton Your ball python withers and dies!
You feel yourself speed up.
Your ball python withers and dies!
There is a stone staircase leading down here.
Duvessa shouts!
You barely miss Duvessa.
Dowan shouts!
Dowan casts a spell.
Dowan blinks!
Duvessa hits you with a short sword!
* * * LOW HITPOINT WARNING * * *
Unknown command.
Okay, then.
Casting: Sticks to Snakes
Confirm with . or Enter, or press ? or * to list all spells.
You create a snake!
You now have 37 arrows.
Duvessa hits you with a short sword.
* * * LOW HITPOINT WARNING * * *
Casting: Sticks to Snakes
Confirm with . or Enter, or press ? or * to list all spells.
You turn into a venomous arachnid creature.
Your +0 pair of gloves melds into your body.
Your +0 robe melds into your body.
Your ball python bites Duvessa but does no damage.
Your ball python grabs Duvessa.
Your ball python constricts Duvessa.
Duvessa misses you.
You hit Duvessa but do no damage.
Duvessa is poisoned.
Your ball python bites Duvessa but does no damage.
Your ball python constricts Duvessa.
Duvessa completely misses you.
You hit Duvessa.
Duvessa looks even sicker.
Duvessa is lightly wounded.
Your ball python bites Duvessa but does no damage.
Your ball python constricts Duvessa.
You catch the helpless Duvessa completely off-guard!
You hit Duvessa.
Duvessa is moderately wounded.
Duvessa hits you with a short sword!
* * * LOW HITPOINT WARNING * * *
Your ball python bites Duvessa.
Your ball python constricts Duvessa.
You completely miss Duvessa.
Duvessa is heavily wounded.
Duvessa misses you.
Your ball python bites Duvessa.
Your ball python constricts Duvessa.
You hit Duvessa.
Duvessa is severely wounded.
Duvessa hits you with a short sword.
* * * LOW HITPOINT WARNING * * *
Your ball python bites Duvessa but does no damage.
Your ball python constricts Duvessa.
You hit Duvessa.
Duvessa looks as sick as possible!
Duvessa is severely wounded.
Your ball python completely misses Duvessa.
Your ball python constricts Duvessa.
Duvessa hits you with a short sword.
* * * LOW HITPOINT WARNING * * *
You hit Duvessa but do no damage.
Duvessa looks as sick as possible!
Duvessa is almost dead.
Your ball python bites Duvessa but does no damage.
Your ball python constricts Duvessa.
Duvessa completely misses you.
You hit Duvessa but do no damage.
Duvessa looks as sick as possible!
Duvessa is almost dead.
Your ball python bites Duvessa but does no damage.
Your ball python constricts Duvessa.
Duvessa hits your ball python with a short sword!
Your ball python dies!
Duvessa shouts!
You hit Duvessa but do no damage.
Duvessa looks as sick as possible!
Duvessa is almost dead.
You hear a shout!
Duvessa hits you with a short sword!
You die...

#........# #.....#
#..≈≈o≈≈.# ##>..#
##..≈...≈.# ##....##
#...≈._.≈.# ##...§..#
###..≈≈...≈≈###.).##..##
.#....≈.....≈#....###...#
.....≈.⌠.⌠.≈...### ##..##
#...≈..∩..≈.e### #...#
##..≈.⌠.⌠.≈..s.## ##..##
##.≈.....≈.....# #....##
##≈≈≈≈≈≈≈.....# #.....#
##<..........# ##....##
##...........# #.....#
#............# #..#..##
###............#
#####..##
#..............## #...#
#................####
##..##


You could see Duvessa and an orc.

Vanquished Creatures
  Sigmund (D:3)
  The ghost of Agrougrou the Covered, an amateur BaFi (D:4)
  A howler monkey (D:4)
  2 orc wizards (D:4)
  2 worker ants
  Natasha (D:2)
  A howler monkey skeleton (D:4)
  4 adders
  An ooze (D:1)
  A dart slug (D:1)
  2 leopard geckos
  5 orcs (D:4)
  3 ball pythons
  3 giant cockroaches
  8 goblins
  3 hobgoblins
  A quokka (D:2)
  7 bats
  6 frilled lizards
  8 kobolds
  A leopard gecko skeleton (D:4)
  3 rats
65 creatures vanquished.

Vanquished Creatures (collateral kills)
  An adder (D:2)
  2 worms
  A dart slug (D:3)
  2 leopard geckos (D:2)
  3 orcs
  2 hobgoblins (D:2)
  A kobold (D:2)
  A ball python (D:2)
  A frilled lizard (D:2)
14 creatures vanquished.

Grand Total: 79 creatures vanquished

Notes
Turn   | Place    | Note
-------+----------+-------------------------------------------
     0 | D:1      | tidbits the Demigod Transmuter began the quest for the Orb.
     0 | D:1      | Reached XP level 1. HP: 15/15 MP: 5/5
    77 | D:1      | Reached skill level 3 in Unarmed Combat
   188 | D:1      | Reached XP level 2. HP: 16/22 MP: 4/7
   192 | D:1      | Learned a level 2 spell: Sticks to Snakes
   233 | D:2      | Found a hazy altar of Hepliaklqana.
   373 | D:3      | Reached XP level 3. HP: 10/27 MP: 3/8
   385 | D:3      | HP: 2/27 [poisoned by an adder]
   407 | D:2      | HP: 2/27 [kobold (2)]
   413 | D:2      | Reached skill level 4 in Unarmed Combat
   557 | D:2      | Reached skill level 2 in Spellcasting
   562 | D:2      | Learned a level 3 spell: Spider Form
   569 | D:2      | Found a deep blue altar of Sif Muna.
   584 | D:2      | Reached skill level 2 in Transmutations
   834 | D:3      | Noticed Sigmund
   855 | D:3      | Killed Sigmund
   855 | D:3      | Reached skill level 4 in Transmutations
   855 | D:3      | Reached XP level 4. HP: 12/34 MP: 3/9
   855 | D:3      | Reached XP level 5. HP: 14/39 MP: 3/10
  1019 | D:2      | Noticed Natasha
  1027 | D:2      | Killed Natasha
  1304 | D:4      | Reached skill level 5 in Unarmed Combat
  1304 | D:4      | Reached XP level 6. HP: 46/46 MP: 6/11
  1334 | D:5      | Entered Level 5 of the Dungeon
  1359 | D:4      | Noticed Dowan
  1362 | D:4      | Found Gozag's Platinum Reserve.
  1367 | D:4      | Found an opulent altar of Gozag.
  1453 | D:4      | Noticed Agrougrou's ghost (amateur BaFi)
  1459 | D:4      | Noticed Duvessa
  1495 | D:4      | Killed Agrougrou's ghost
  1513 | D:4      | Gained mutation: You are partially covered in iridescent scales. (AC +2) [potion of mutation]
  1513 | D:4      | Gained mutation: You are frail. (-10% HP) [potion of mutation]
  1513 | D:4      | Gained mutation: You have a pair of small antennae on your head. [potion of mutation]
  1514 | D:4      | Lost mutation: You are partially covered in iridescent scales. (AC +2) [potion of mutation]
  1514 | D:4      | Lost mutation: You are frail. (-10% HP) [potion of mutation]
  1514 | D:4      | Gained mutation: You are partially covered in iridescent scales. (AC +2) [potion of mutation]
  1514 | D:4      | Gained mutation: You are partially covered in icy blue scales. (AC +2) [potion of mutation]
  1514 | D:4      | Gained mutation: Your movements are slightly less encumbered by armour. (ER -2) [potion of mutation]
  1639 | D:4      | Reached skill level 6 in Unarmed Combat
  1696 | D:4      | Slain by Duvessa

Skill      XL: |  1  2  3  4  5  6 |
---------------+-------------------+-----
Unarmed Combat | 3 4 5 6 |  6.2
Spellcasting   | 2 |  2.0
Transmutations | 4 |  4.1
Fighting       | |  0.8
Dodging        | |  1.7

Action                   |  1- 3 |  4- 6 || total
-------------------------+-------+-------++-------
Melee: Unarmed           |    84 |    79 ||   163
       Kick              |     7 |       ||     7
       Headbutt          |     7 |       ||     7
       Punch             |     1 |     1 ||     2
 Cast: Beastly Appendage |    17 |       ||    17
       Sticks to Snakes  |     9 |    12 ||    21
       Spider Form       |     6 |    14 ||    20
  Use: Potion            |     1 |     3 ||     4
       Scroll            |       |     5 ||     5
 Stab: Sleeping          |     2 |     1 ||     3
       Distracted        |     1 |     1 ||     2
  Eat: Chunk             |     1 |     6 ||     7
Armor: Robe              |    17 |     3 ||    20
       Skin              |     1 |    12 ||    13
Dodge: Dodged            |    40 |    42 ||    82

Table legend:
 A = Turns spent in this place as a percentage of turns spent in the entire game.
 B = Non-inter-level travel turns spent in this place as a percentage of non-inter-level travel turns spent in the entire game.
 C = Inter-level travel turns spent in this place as a percentage of turns spent in this place.
 D = Turns resting spent in this place as a percentage of non-inter-level travel turns spent in this place.
 E = Turns spent auto-exploring this place as a percentage of non-inter-level travel turns spent in this place.
 F = Non-inter-level travel turns spent in this place divided by the number of levels of this place that you've seen.
                   A       B       C       D       E      F
               +-------+-------+-------+-------+-------+----------------------
         Total | 100.0 | 100.0 |   0.1 |   0.0 |   0.0 | 327.6
       Dungeon | 100.0 | 100.0 |   0.1 |   0.0 |   0.0 | 327.6
               +-------+-------+-------+-------+-------+----------------------

Table legend:
 A = Kills in this place as a percentage of kills in entire the game.
 B = Kills by you in this place as a percentage of kills by you in the entire game.
 C = Kills by friends in this place as a percentage of kills by friends in the entire game.
 D = Other kills in this place as a percentage of other kills in the entire game.
 E = Experience gained in this place as a percentage of experience gained in the entire game.
 F = Experience gained in this place divided by the number of levels of this place that you have seen.
                   A       B       C       D       E      F
               +-------+-------+-------+-------+-------+----------------------
         Total | 100.0 | 100.0 | 100.0 |  -nan | 100.0 | 157.6
       Dungeon | 100.0 | 100.0 | 100.0 |  -nan | 100.0 | 157.6
               +-------+-------+-------+-------+-------+----------------------

Vault maps used:
D:1:      enne_arrival_octagon_isle, roderic_lattice_a
D:2:      overflow_temple_1_default, lemuel_crystal_altar,
          minmay_shallow_snake_nest, uniq_natasha
D:3:      grunt_dithmenos_smoke_and_mirrors, uniq_sigmund, uniq_grinder
D:4:      nicolae_gozag_zags_fifth_avenue, first_bread, uniq_duvessa
D:5:      lemuel_coloured_pillars_altar, lemuel_temple_firewalk_b,
          okawaru_metal_pillars_1_2
